[Event "Titled Tuesday Blitz September 14 2021"]
[White "Golubev, Mikhail"]
[Black "Csonka, Balazs"]
[WhiteFideId "14100983"]
[BlackFideId "742910"]
[WhiteElo "2374"]
[BlackElo "2404"]
[Result "0-1"]
[Round "11"]
[TimeControl "180+1"]
[Date "2021.09.15"]
[WhiteClock "0:00:08"]
[BlackClock "0:00:05"]

1. e4 e6 2. Nc3 d5 3. d4 Nf6 4. Bg5 dxe4 5. Nxe4 Be7 6. Nxf6+ Bxf6 7. Bxf6 Qxf6 8. Qd2 O-O 9. O-O-O Rd8 10. Qc3 Qf4+ 11. Kb1 Bd7 12. Nh3 Qd6 13. Bd3 Bc6 14. f3 Nd7 15. Nf2 Nf6 16. Qd2 a5 17. c3 b5 18. Ne4 Bxe4 19. fxe4 Qb6 20. e5 Nd5 21. Rhf1 b4 22. c4 Nc3+ 23. Ka1 Nxd1 24. Rxd1 c6 25. c5 Qc7 26. Qf4 Rd7 27. h4 Rad8 28. Bb1 Rd5 29. h5 Qd7 30. h6 Rxd4 31. Rxd4 Qxd4 32. Qg5 g6 33. Qf6 Kf8 34. g4 a4 35. Qh8+ Ke7 36. Qf6+ Ke8 37. Qh8+ Kd7 38. Qxh7 Ke7 39. Qg7 a3 40. Qf6+ Ke8 41. Qxf7+ Kxf7 42. Bxg6+ Kxg6 0-1


[Site "https://www.chess.com"]

[Event "Titled Tuesday Blitz September 14 2021"]
[White "Jones, Gawain C B"]
[Black "Mirzoev, Azer"]
[WhiteFideId "409561"]
[BlackFideId "13400304"]
[WhiteElo "2657"]
[BlackElo "2525"]
[Result "1-0"]
[Round "11"]
[TimeControl "180+1"]
[Date "2021.09.15"]
[WhiteClock "0:00:05"]
[BlackClock "0:00:01"]

1. d4 d5 2. c4 e6 3. Nf3 Be7 4. g3 Nf6 5. Bg2 O-O 6. O-O Nbd7 7. Qc2 c6 8. Nbd2 b6 9. e4 Ba6 10. Re1 Rc8 11. e5 Ne8 12. Qa4 Bxc4 13. Nxc4 b5 14. Qxa7 bxc4 15. Qa4 c5 16. Be3 cxd4 17. Bxd4 Nc5 18. Qc2 Nc7 19. Bxc5 Bxc5 20. b3 Nb5 21. a4 cxb3 22. Qb2 Na7 23. Qxb3 Rb8 24. Qc2 Rc8 25. h4 h6 26. Qe2 Qa5 27. Nd2 Bb4 28. Nb3 Qb6 29. a5 Qb8 30. Reb1 Bc3 31. Nd4 Qc7 32. Rc1 Qd7 33. Qe3 Bxa1 34. Rxa1 Rb8 35. Bf1 Rfc8 36. Bd3 Rb2 37. a6 Qc7 38. Ne2 Qb6 39. Qf3 Rb3 40. Nf4 Rcc3 41. Qd1 Qc7 42. Qe2 Rc1+ 43. Rxc1 Qxc1+ 44. Kh2 Qc7 45. Nh5 Rc3 46. Qg4 Qxe5 47. Be2 g6 48. Nf4 Kg7 49. Bf1 Rc2 50. Kg1 Ra2 51. Qd1 Nc6 52. Qc1 Nd4 53. Qd1 Ra1 54. Qd3 h5 55. Kg2 Nf5 56. Kg1 Nd4 57. Qe3 Qxe3 58. fxe3 Nf5 59. Kf2 Ra2+ 60. Be2 Nd6 61. Kf3 Nc4 62. e4 Nd2+ 63. Ke3 Nxe4 64. Kd4 Nd6 65. Kc5 Nc4 66. Kb5 1-0


[Site "https://www.chess.com"]

[Event "Titled Tuesday Blitz September 14 2021"]
[White "Keymer, Vincent"]
[Black "Deac, Bogdan-Daniel"]
[WhiteFideId "12940690"]
[BlackFideId "1226380"]
[WhiteElo "2524"]
[BlackElo "2605"]
[Result "1-0"]
[Round "11"]
[TimeControl "180+1"]
[Date "2021.09.15"]
[WhiteClock "0:00:05"]
[BlackClock "0:00:01"]

1. Nf3 d5 2. e3 Nc6 3. d4 Bf5 4. c4 e6 5. a3 Nf6 6. Nc3 Be7 7. b4 Ne4 8. Bb2 O-O 9. Be2 Bf6 10. O-O dxc4 11. Bxc4 Ne7 12. Bd3 Nxc3 13. Bxc3 Nd5 14. Bb2 Bg6 15. Re1 c6 16. e4 Nb6 17. Rc1 Bh5 18. Be2 a5 19. b5 Bxf3 20. Bxf3 cxb5 21. e5 Be7 22. Bxb7 Rb8 23. Be4 Nc4 24. Ba1 Bxa3 25. Rc3 g6 26. Rh3 Bb4 27. Re2 f5 28. exf6 Qxf6 29. d5 e5 30. Rf3 Qd6 31. Rg3 Bc5 32. h4 Qb6 33. Qe1 Nd6 34. Bb1 Bd4 35. Bxd4 Qxd4 36. h5 e4 37. hxg6 h6 38. Bxe4 Rbe8 39. g7 Rf7 40. Bh7+ Kxh7 41. Rxe8 Rxg7 42. Rxg7+ Kxg7 43. Qe7+ Nf7 44. Qf8+ 1-0


[Site "https://www.chess.com"]

[Event "Titled Tuesday Blitz September 14 2021"]
[White "Kezin, Roman"]
[Black "Slugin, Sergey"]
[WhiteFideId "24124621"]
[BlackFideId "4122569"]
[WhiteElo "2570"]
[BlackElo "2358"]
[Result "1-0"]
[Round "11"]
[TimeControl "180+1"]
[Date "2021.09.15"]
[WhiteClock "0:01:31"]
[BlackClock "0:01:17"]

1. Nc3 c5 2. Nf3 g6 3. d4 cxd4 4. Nxd4 Bg7 5. g3 Nc6 6. Nb3 Nf6 7. Bg2 O-O 8. O-O d6 9. e4 Be6 10. h3 Rc8 11. Nd5 Na5 12. Nd4 Nc6 13. Nxe6 fxe6 14. Nf4 Qd7 15. h4 Nd8 16. Bh3 Kh8 17. c3 a5 18. Re1 Rc5 19. Be3 Rb5 20. Bd4 Nh5 21. Nxh5 Rxh5 22. Bg4 Rb5 23. c4 Re5 24. f4 1-0


[Site "https://www.chess.com"]

[Event "Titled Tuesday Blitz September 14 2021"]
[White "Khanin, Semen"]
[Black "Kamsky, Gata"]
[WhiteFideId "4111990"]
[BlackFideId "2000024"]
[WhiteElo "2449"]
[BlackElo "2603"]
[Result "0-1"]
[Round "11"]
[TimeControl "180+1"]
[Date "2021.09.15"]
[WhiteClock "0:00:06"]
[BlackClock "0:01:15"]

1. e4 c5 2. c3 Nf6 3. e5 Nd5 4. Bc4 Nb6 5. Bb3 d5 6. exd6 Qxd6 7. Nf3 Be6 8. O-O Nc6 9. Na3 a6 10. Re1 Bd5 11. Bxd5 Qxd5 12. Qb3 Qxb3 13. axb3 e6 14. Nc2 Nd5 15. d4 cxd4 16. Ncxd4 Nxd4 17. Nxd4 Bc5 18. Nf3 O-O-O 19. Ne5 Rhf8 20. b4 Bd6 21. Nc4 Bc7 22. Bg5 f6 23. Bh4 e5 24. f3 b5 25. Na5 Bxa5 26. Rxa5 Kb7 27. Rea1 Nc7 28. b3 Rd3 29. c4 Rfd8 30. cxb5 Rd1+ 31. Rxd1 Rxd1+ 32. Kf2 Nxb5 33. Ra2 Rd3 34. Ke2 Rd4 35. Be1 Rd5 36. Ke3 Rd1 37. Bd2 Rb1 38. Kd3 Rxb3+ 39. Kc4 Rb1 40. Kd5 Rg1 41. g3 Rg2 42. Ke6 Rxh2 43. Kf7 g5 44. Kxf6 g4 45. fxg4 e4 46. Ra1 Rxd2 47. Rh1 e3 48. Rxh7+ Kc6 49. Re7 Rf2+ 50. Kg7 e2 51. g5 Nd4 0-1


[Site "https://www.chess.com"]

[Event "Titled Tuesday Blitz September 14 2021"]
[White "Khusnutdinov, Rustam"]
[Black "Zhigalko, Sergei"]
[WhiteFideId "13701703"]
[BlackFideId "13502956"]
[WhiteElo "2571"]
[BlackElo "2662"]
[Result "1-0"]
[Round "11"]
[TimeControl "180+1"]
[Date "2021.09.15"]
[WhiteClock "0:00:20"]
[BlackClock "0:00:01"]

1. e4 c5 2. Nf3 Nc6 3. Bb5 Nf6 4. Nc3 Qc7 5. O-O Nd4 6. Nxd4 cxd4 7. Nd5 Nxd5 8. exd5 Qc5 9. c4 a6 10. b4 Qxb4 11. Ba4 g6 12. d3 Bg7 13. Bd2 Qa3 14. Bc1 Qb4 15. Bd2 Qa3 16. Bc1 Qc5 17. Qb3 Qa5 18. Bg5 f6 19. Bf4 O-O 20. Rfd1 Rf7 21. Rac1 e5 22. Bd2 Qd8 23. d6 b6 24. c5 b5 25. Qd5 Rb8 26. Bb3 Qe8 27. c6 dxc6 28. Rxc6 Bb7 29. Qxf7+ Qxf7 30. Bxf7+ Kxf7 31. Rc7+ Kf8 32. d7 Bh6 33. Bxh6+ Ke7 34. Bf8+ 1-0


[Site "https://www.chess.com"]

[Event "Titled Tuesday Blitz September 14 2021"]
[White "Kobalia, Mikhail"]
[Black "Krivonosov, Oleg"]
[WhiteFideId "4119150"]
[BlackFideId "11600349"]
[WhiteElo "2626"]
[BlackElo "2469"]
[Result "1/2-1/2"]
[Round "11"]
[TimeControl "180+1"]
[Date "2021.09.15"]
[WhiteClock "0:00:54"]
[BlackClock "0:01:01"]

1. e4 e5 2. Nf3 Nc6 3. Bb5 Nf6 4. O-O Nxe4 5. d4 Nd6 6. Bxc6 dxc6 7. dxe5 Nf5 8. Qxd8+ Kxd8 9. Rd1+ Ke8 10. Nc3 Be7 11. g4 Nh4 12. Nxh4 Bxh4 13. h3 h5 14. f3 hxg4 15. hxg4 f5 16. exf6 Bxf6 17. Bf4 Be6 18. Ne4 Bd5 19. Kg2 Kf7 20. Nxf6 gxf6 21. c4 Be6 22. b3 a5 23. Bxc7 a4 24. Kg3 Rhc8 25. Bb6 Ra6 26. Bd4 axb3 27. axb3 Rxa1 28. Bxa1 b5 29. f4 Rg8 30. g5 fxg5 31. f5 Bxf5 32. Rd6 Be6 33. Rxc6 bxc4 34. bxc4 Rc8 35. Rxc8 Bxc8 36. c5 Ke6 37. c6 Kd6 38. Bf6 Kxc6 39. Bxg5 1/2-1/2


[Site "https://www.chess.com"]

[Event "Titled Tuesday Blitz September 14 2021"]
[White "Koellner, Ruben Gideon"]
[Black "Rozman, Levy"]
[WhiteFideId "12993093"]
[BlackFideId "2039877"]
[WhiteElo "2561"]
[BlackElo "2376"]
[Result "0-1"]
[Round "11"]
[TimeControl "180+1"]
[Date "2021.09.15"]
[WhiteClock "0:02:19"]
[BlackClock "0:02:06"]

1. d4 g6 2. Nf3 Bg7 3. Nbd2 d6 4. e4 Nc6 5. c3 e5 6. dxe5 dxe5 7. Bc4 Nge7 8. O-O O-O 9. a4 a5 10. b3 h6 11. Qe2 Kh7 12. Ba3 Qe8 13. Rad1 Be6 14. Bxe6 fxe6 15. Nc4 g5 16. Ne1 b6 0-1


[Site "https://www.chess.com"]

[Event "Titled Tuesday Blitz September 14 2021"]
[White "Langrock, Hannes"]
[Black "Perez Molina, Robinson"]
[WhiteFideId "4655290"]
[BlackFideId "3403882"]
[WhiteElo "2325"]
[BlackElo "2252"]
[Result "0-1"]
[Round "11"]
[TimeControl "180+1"]
[Date "2021.09.15"]
[WhiteClock "0:00:04"]
[BlackClock "0:00:31"]

1. d4 Nf6 2. c4 e6 3. g3 d5 4. Nf3 dxc4 5. Bg2 Nc6 6. Qa4 Bb4+ 7. Bd2 Nd5 8. Qb5 Bxd2+ 9. Nbxd2 c3 10. bxc3 Nxc3 11. Qb3 Nd5 12. O-O O-O 13. Rfc1 Nf6 14. e3 Rb8 15. Ne1 Bd7 16. Nd3 Na5 17. Qc3 c6 18. Rab1 b6 19. Ne5 Rc8 20. Qa3 Qc7 21. Rc2 Rfd8 22. Rbc1 c5 23. Ne4 Nxe4 24. Bxe4 Be8 25. Nc4 Nxc4 26. Rxc4 Bb5 27. R4c3 c4 28. Qb4 Qd7 29. a4 Bxa4 30. Rxc4 Rxc4 31. Qxc4 g6 32. h4 h5 33. Qd3 b5 34. Bxg6 fxg6 35. Qxg6+ Qg7 36. Qxe6+ Qf7 37. Qh6 Qg7 38. Qxh5 b4 39. Rc5 Be8 40. Qf3 b3 41. Rg5 Bg6 42. h5 b2 0-1


[Site "https://www.chess.com"]

[Event "Titled Tuesday Blitz September 14 2021"]
[White "Mikhailovsky, Vladimir"]
[Black "Demchenko, Anton"]
[WhiteFideId "34105414"]
[BlackFideId "4160258"]
[WhiteElo "2414"]
[BlackElo "2583"]
[Result "1-0"]
[Round "11"]
[TimeControl "180+1"]
[Date "2021.09.15"]
[WhiteClock "0:00:04"]
[BlackClock "0:00:01"]

1. e4 e5 2. Nf3 Nc6 3. Nc3 Nf6 4. g3 d5 5. exd5 Nxd5 6. Bg2 Nxc3 7. bxc3 Bc5 8. O-O O-O 9. Re1 Re8 10. d3 Bg4 11. h3 Bf5 12. Nd2 Qd7 13. Ne4 Bb6 14. Qh5 Bg6 15. Qh4 Ne7 16. a4 a5 17. g4 Nd5 18. Be3 Rad8 19. c4 Bxe3 20. fxe3 Nb4 21. Re2 b6 22. Rf2 Qe7 23. Qg3 Bxe4 24. Bxe4 Rd6 25. Raf1 Rf8 26. h4 c6 27. g5 Na6 28. Bf5 Nc5 29. Ra1 g6 30. Bh3 f5 31. Bg2 Kg7 32. h5 Rfd8 33. h6+ Kg8 34. Qh4 e4 35. d4 Na6 36. Qf4 c5 37. d5 Re8 38. Rb1 Qe5 39. Qxe5 Rxe5 40. c3 Re8 41. Rfb2 Rb8 42. Kf2 Kf7 43. Kg3 Ke7 44. Kf4 Nc7 45. Bf1 Ne8 46. Rb5 Kd7 47. Rxa5 Nc7 48. Rxc5 Ra8 49. Rcb5 Nxb5 50. axb5 1-0


[Site "https://www.chess.com"]

[Event "Titled Tuesday Blitz September 14 2021"]
[White "Moroni, Luca Jr"]
[Black "Perez Ponsa, Federico"]
[WhiteFideId "865834"]
[BlackFideId "117927"]
[WhiteElo "2491"]
[BlackElo "2672"]
[Result "0-1"]
[Round "11"]
[TimeControl "180+1"]
[Date "2021.09.15"]
[WhiteClock "0:00:16"]
[BlackClock "0:01:04"]

1. d4 d5 2. Bf4 c5 3. e3 cxd4 4. exd4 Nc6 5. c3 Bf5 6. Qb3 Qd7 7. Nf3 f6 8. Nbd2 g5 9. Bg3 h5 10. h3 e6 11. Bb5 a6 12. Be2 Nge7 13. c4 Bg6 14. cxd5 exd5 15. O-O Nf5 16. Bd3 Kf7 17. Rae1 g4 18. hxg4 hxg4 19. Bxf5 Bxf5 20. Nh4 Nxd4 21. Qc3 Nc6 22. Nxf5 Qxf5 23. f3 Bb4 24. Qb3 Bc5+ 25. Bf2 g3 26. Qxb7+ Kg6 27. Ne4 Rh1+ 28. Kxh1 Rh8+ 29. Kg1 Rh1+ 30. Kxh1 Qh5+ 31. Kg1 Qh2# 0-1


[Site "https://www.chess.com"]

[Event "Titled Tuesday Blitz September 14 2021"]
[White "Murzin, Volodar"]
[Black "Andreikin, Dmitry"]
[WhiteFideId "44155573"]
[BlackFideId "4158814"]
[WhiteElo "2514"]
[BlackElo "2736"]
[Result "0-1"]
[Round "11"]
[TimeControl "180+1"]
[Date "2021.09.15"]
[WhiteClock "0:00:06"]
[BlackClock "0:00:13"]

1. e4 g6 2. Nf3 b6 3. d4 Bb7 4. Bc4 Bg7 5. Qe2 e6 6. O-O Ne7 7. c3 d6 8. Bf4 h6 9. Nbd2 g5 10. Bg3 Ng6 11. d5 e5 12. Rfd1 g4 13. Ne1 h5 14. f3 h4 15. Bf2 Nf4 16. Qf1 g3 17. hxg3 hxg3 18. Bxg3 Qg5 19. Bxf4 exf4 20. Nd3 Nd7 21. Bb5 O-O-O 22. Nc4 Nf6 23. Bc6 Rh6 24. Bxb7+ Kxb7 25. Kf2 Rh2 26. Ne1 b5 27. Na5+ Kb6 28. Nc6 Nxe4+ 29. fxe4 Qg3+ 30. Kg1 Qe3+ 31. Qf2 Rh1+ 32. Kxh1 Qxf2 33. Nxd8 Qxb2 34. a4 b4 35. cxb4 Bd4 36. a5+ Kb5 37. Nc6 Bf2 38. Nd3 Qh8# 0-1


[Site "https://www.chess.com"]

[Event "Titled Tuesday Blitz September 14 2021"]
[White "Nakamura, Hikaru"]
[Black "Svane, Rasmus"]
[WhiteFideId "2016192"]
[BlackFideId "4657101"]
[WhiteElo "2884"]
[BlackElo "2643"]
[Result "0-1"]
[Round "11"]
[TimeControl "180+1"]
[Date "2021.09.15"]
[WhiteClock "0:00:01"]
[BlackClock "0:00:08"]

1. Nf3 d5 2. e3 Nf6 3. c4 e6 4. b3 c5 5. Bb2 Nc6 6. cxd5 exd5 7. Bb5 Bd6 8. O-O O-O 9. Bxc6 bxc6 10. d3 a5 11. h3 Re8 12. Nc3 Ba6 13. Re1 Nd7 14. Rc1 h6 15. e4 d4 16. Ne2 a4 17. b4 Rb8 18. a3 cxb4 19. Nexd4 bxa3 20. Ba1 Bb5 21. Nxc6 Bxc6 22. Rxc6 Nc5 23. Qc2 Nxd3 24. Rd1 Rb3 25. Qc4 Nb2 26. Qd4 Be7 27. Rf1 Qxd4 28. Nxd4 Rd3 29. Nc2 Bf8 30. f3 Rd2 31. Rb1 Nd3 32. Bd4 a2 33. Ra1 Nb4 34. Nxb4 Bxb4 35. Be3 Rb2 36. Kh2 Rd8 37. Rc4 Rd3 38. Bd4 Rbd2 39. Rxb4 Rxd4 40. Rxd4 Rxd4 41. Rxa2 Kf8 42. Kg3 Ke7 43. Kf4 Kd6 44. Ke3 Kc5 45. e5 Kd5 46. f4 Re4+ 47. Kf3 Rc4 48. h4 Rc3+ 49. Kg4 a3 50. h5 Ke4 51. Ra1 Kd4 52. Kf5 Kd5 53. g4 Rf3 54. g5 hxg5 55. Kxg5 Ke4 56. Re1+ Re3 57. Rg1 a2 58. h6 gxh6+ 59. Kf6 Kxf4 60. Ra1 Re2 0-1


[Site "https://www.chess.com"]

[Event "Titled Tuesday Blitz September 14 2021"]
[White "Nazaretyan, Tigran"]
[Black "Kucuksari, Kaan"]
[WhiteFideId "24162345"]
[BlackFideId "6380166"]
[WhiteElo "2212"]
[BlackElo "2301"]
[Result "0-1"]
[Round "11"]
[TimeControl "180+1"]
[Date "2021.09.15"]
[WhiteClock "0:00:14"]
[BlackClock "0:00:13"]

1. d4 Nf6 2. c4 d5 3. cxd5 Nxd5 4. e4 Nb6 5. Nc3 g6 6. Nf3 Bg7 7. Bb5+ c6 8. Be2 O-O 9. h3 Na6 10. O-O Nc7 11. Bg5 Ne6 12. Be3 Nc7 13. a4 Be6 14. Ng5 Bd7 15. a5 Nc8 16. Qb3 Nd6 17. Rfd1 Ndb5 18. Na4 Ne6 19. Nf3 Qxa5 20. d5 Nd8 21. Nc5 Qc7 22. dxc6 Bxc6 23. Bxb5 b6 24. Nd7 Re8 25. Rac1 Qb7 26. Nde5 Bxb5 27. Qxb5 Ne6 28. Qd5 Rab8 29. Nxf7 Qxd5 30. exd5 Kxf7 31. dxe6+ Kxe6 32. Rc6+ Kf7 33. Rc7 Bxb2 34. Rxa7 Bf6 35. Rdd7 b5 36. g4 b4 37. Rab7 b3 38. Bd4 b2 39. Bxb2 Bxb2 40. Ng5+ Kg8 41. Ne6 Rxb7 42. Rxb7 Bf6 43. g5 Be5 44. f4 Bd6 45. Kg2 Kf7 46. Nc7 Rc8 47. Nd5 Ke6 48. Nb6 Rc3 49. Na4 Rc4 50. Nb6 Rb4 51. Kf3 Rxf4+ 52. Ke3 Rb4 53. Kd3 Bf4 54. Kc3 Rb5 55. Kc4 Rb1 56. Kc5 Be3+ 57. Kc6 Rxb6+ 58. Rxb6 Bxb6 59. Kxb6 Kf5 60. Kc6 Kf4 61. Kd7 Kxg5 62. Kxe7 Kh4 63. Kf7 Kxh3 64. Kg7 g5 65. Kxh7 g4 66. Kg6 g3 67. Kf5 g2 68. Kf4 g1=Q 69. Kf3 Qg4+ 0-1


[Site "https://www.chess.com"]

[Event "Titled Tuesday Blitz September 14 2021"]
[White "Ozates, Tuna"]
[Black "Weetik, Vjacheslav"]
[WhiteFideId "6354521"]
[BlackFideId "4153472"]
[WhiteElo "1872"]
[BlackElo "2469"]
[Result "0-1"]
[Round "11"]
[TimeControl "180+1"]
[Date "2021.09.15"]
[WhiteClock "0:01:05"]
[BlackClock "0:00:29"]

1. e4 c6 2. d4 d5 3. e5 Bf5 4. Nf3 e6 5. c3 Nd7 6. Nbd2 h6 7. Nb3 Ne7 8. Be3 Qc7 9. Qd2 g5 10. Bd3 Bg7 11. h3 f6 12. exf6 Bxf6 13. O-O O-O-O 14. a4 Rdg8 15. a5 Bxd3 16. Qxd3 g4 17. hxg4 Rxg4 18. a6 b6 19. c4 Rhg8 20. Ne1 Nf5 21. cxd5 Nh4 22. f4 Nxg2 23. Nxg2 Rxg2+ 24. Kh1 R2g3 25. Rf2 Qd6 26. dxc6 Qd5+ 27. Kh2 Qh5# 0-1


[Site "https://www.chess.com"]

[Event "Titled Tuesday Blitz September 14 2021"]
[White "Sadhwani, Raunak"]
[Black "Nesterov, Arseniy"]
[WhiteFideId "35093487"]
[BlackFideId "24198455"]
[WhiteElo "2517"]
[BlackElo "2494"]
[Result "1/2-1/2"]
[Round "11"]
[TimeControl "180+1"]
[Date "2021.09.15"]
[WhiteClock "0:00:09"]
[BlackClock "0:00:09"]

1. d4 d5 2. Nf3 Nf6 3. Bf4 Bf5 4. e3 e6 5. c4 Bxb1 6. Rxb1 Bb4+ 7. Ke2 Bd6 8. g3 O-O 9. Qb3 Nc6 10. cxd5 Nxd5 11. Bg2 Rb8 12. Rbc1 Nce7 13. Rhd1 c6 14. Bxd6 Qxd6 15. Kf1 h6 16. Kg1 Nf6 17. Ne5 Rfd8 18. h3 Ned5 19. a3 Nd7 20. Nd3 Qe7 21. Qa4 a6 22. Qb3 N5f6 23. Rc3 e5 24. dxe5 Nxe5 25. Nxe5 Rxd1+ 26. Qxd1 Qxe5 27. Qb3 Qe7 28. Rd3 Rc8 29. Qd1 g6 30. Qb3 Rc7 31. e4 Rd7 32. Kh2 Rxd3 33. Qxd3 Nd7 34. f4 Nc5 35. Qd4 Ne6 36. Qe5 Qc7 37. Qc3 Ng7 38. Qd4 Ne6 39. Qc3 Qd6 40. f5 Nd4 41. fxg6 fxg6 42. h4 Qe5 43. Qb4 b5 44. Qc3 c5 45. Qe3 Kg7 46. b4 c4 47. Bf1 Nc6 48. Qb6 Qb2+ 49. Bg2 Qf6 50. Qxa6 Nd4 51. Qb7+ Qf7 52. Qb6 Qf2 53. Qc7+ Kg8 54. Qd8+ Kg7 55. Qd7+ Kg8 56. Qc8+ Kg7 57. Qb7+ Kg8 58. e5 c3 59. Qc8+ Kg7 60. Qxc3 Ne2 61. Qc7+ Kg8 62. Qd8+ Kg7 63. Qe7+ Kg8 64. Qf6 Qxg3+ 65. Kh1 Qe1+ 66. Bf1 Ng3+ 67. Kg2 Nxf1 68. Qxf1 Qxe5 69. Qf3 Qb2+ 70. Kg3 Qe5+ 71. Kh3 Qe6+ 72. Kg2 Qe5 73. Qa8+ Kg7 74. Qf3 Qb2+ 75. Kh3 Qe5 76. Qb7+ Kf6 77. Qa7 Qe6+ 78. Kg3 Qe5+ 79. Kf3 Qc3+ 80. Ke2 Qc4+ 81. Ke3 Qc3+ 82. Ke4 Qc2+ 83. Ke3 Qc1+ 84. Ke2 Qc2+ 85. Kf3 Qc3+ 86. Kf4 Qd2+ 87. Kg3 Qe1+ 88. Kf3 Qf1+ 89. Ke4 Qc4+ 90. Ke3 Qc3+ 91. Ke2 Qc2+ 92. Kf1 Qd1+ 93. Kg2 Qg4+ 94. Kf1 Qd1+ 95. Kf2 Qd2+ 96. Kf3 Qd3+ 97. Kf4 Qd2+ 98. Ke4 Qg2+ 99. Kd3 Qd5+ 100. Kc2 Qc4+ 101. Kb2 Qe2+ 102. Kb3 Qd3+ 103. Kb2 Qd2+ 104. Kb1 Qd1+ 105. Kb2 Qd2+ 106. Kb3 Qd3+ 107. Kb2 Qd2+ 1/2-1/2


[Site "https://www.chess.com"]

[Event "Titled Tuesday Blitz September 14 2021"]
[White "Sarana, Alexey"]
[Black "Hansen, Eric"]
[WhiteFideId "24133795"]
[BlackFideId "2606771"]
[WhiteElo "2671"]
[BlackElo "2568"]
[Result "0-1"]
[Round "11"]
[TimeControl "180+1"]
[Date "2021.09.15"]
[WhiteClock "0:00:17"]
[BlackClock "0:00:24"]

1. d4 Nf6 2. c4 e6 3. Nf3 b6 4. g3 Bb7 5. Bg2 Be7 6. O-O O-O 7. Re1 Qc8 8. Nc3 Ne4 9. Qc2 Nxc3 10. Qxc3 d6 11. h4 Nd7 12. Bg5 Qd8 13. e4 h6 14. Bxe7 Qxe7 15. Rad1 e5 16. Bh3 exd4 17. Nxd4 Rad8 18. Bxd7 Qxd7 19. Nf5 f6 20. Qf3 Qf7 21. b3 Rfe8 22. Qf4 h5 23. f3 Re5 24. Kf2 Rde8 25. Ne3 a5 26. Rg1 Bxe4 27. Rde1 Bc6 28. g4 Kh7 29. gxh5 Qxh5 30. Rg4 R8e7 31. Qg3 Bd7 32. Rd4 a4 33. f4 Re4 34. Rxe4 Rxe4 35. Rg1 g6 36. Re1 Bc6 37. Ng4 Qc5+ 38. Re3 Qd4 39. Kg1 Qd1+ 40. Kf2 Qd4 41. Kg1 f5 42. h5 fxg4 43. hxg6+ Kg7 0-1


[Site "https://www.chess.com"]

[Event "Titled Tuesday Blitz September 14 2021"]
[White "Sonis, Francesco"]
[Black "Karpeshov, Oleg"]
[WhiteFideId "895733"]
[BlackFideId "4106814"]
[WhiteElo "2373"]
[BlackElo "2354"]
[Result "1-0"]
[Round "11"]
[TimeControl "180+1"]
[Date "2021.09.15"]
[WhiteClock "0:02:03"]
[BlackClock "0:01:17"]

1. c4 e5 2. g3 Nc6 3. Bg2 f5 4. Nc3 Nf6 5. d3 Bb4 6. e3 Bxc3+ 7. bxc3 e4 8. d4 Na5 9. c5 b6 10. cxb6 axb6 11. Ne2 d5 12. O-O Ba6 13. Re1 O-O 14. Ba3 Rf7 15. Nf4 Qd7 16. h4 g6 17. Bb4 Nc4 18. Bf1 Nb2 19. Qb3 Bxf1 20. Qxb2 Bc4 21. Qc2 Kg7 22. a4 h6 23. a5 bxa5 24. Rxa5 Rxa5 25. Bxa5 g5 26. Ng2 Ng4 27. Rb1 Bd3 28. Qb3 Bxb1 29. Qxb1 Qa4 30. Bb4 Qb5 31. Bf8+ Rxf8 32. Qxb5 Nf6 33. c4 dxc4 34. Qxc4 Rf7 35. Ne1 Kg6 36. Nc2 gxh4 37. gxh4 Ng4 38. Qe6+ Rf6 39. Qe8+ Kg7 40. Nb4 Rg6 41. Kf1 Nh2+ 42. Ke2 Nf3 43. Qe7+ Kh8 44. Qf8+ Kh7 45. Qf7+ 1-0


[Site "https://www.chess.com"]

[Event "Titled Tuesday Blitz September 14 2021"]
[White "Timmermans, Mark"]
[Black "Lashkin, Jegor"]
[WhiteFideId "1026399"]
[BlackFideId "13907808"]
[WhiteElo "2460"]
[BlackElo "2293"]
[Result "0-1"]
[Round "11"]
[TimeControl "180+1"]
[Date "2021.09.15"]
[WhiteClock "0:00:20"]
[BlackClock "0:00:22"]

1. b4 d5 2. Bb2 Nf6 3. b5 Bf5 4. e3 e6 5. a4 a6 6. Nf3 Be7 7. Be2 O-O 8. O-O c6 9. c4 Nbd7 10. Nd4 Bg6 11. bxc6 Qb6 12. cxb7 Qxb7 13. Ba3 Nc5 14. cxd5 Nxd5 15. Nc3 Nxc3 16. dxc3 Ne4 17. Bf3 Bxa3 18. Rxa3 Qe7 19. Qa1 Rac8 20. Rc1 Nc5 21. c4 Qc7 22. Ne2 Nd3 23. Rcc3 Rfd8 24. Ng3 Qe5 25. Be2 Nb4 26. Rab3 a5 27. Bf1 h5 28. Ne2 Rd2 29. Nd4 Qf6 30. Nf3 Rc2 31. Qe1 Ra2 32. c5 Bc2 33. Bb5 Bxb3 34. Rxb3 Ra1 35. Rb1 Rxb1 36. Qxb1 Rxc5 37. h3 Qf5 38. Qd1 Qd5 39. Qe2 Rc1+ 40. Kh2 Qd6+ 41. g3 Qd1 42. Qxd1 Rxd1 43. Kg2 Nc2 44. Bc4 Ne1+ 45. Nxe1 Rxe1 46. h4 Kf8 47. Bb5 Ke7 48. Kf3 g6 49. Kg2 Rc1 50. f4 Kd6 51. Kf3 Rc7 52. Ke2 Kc5 53. Be8 Re7 54. Bb5 e5 55. Kf3 e4+ 56. Ke2 f5 57. Kd2 Kb4 58. Ke2 Re6 59. Bd7 Rb6 60. Be8 Kc3 61. Bb5 Rd6 62. Ke1 Rd3 63. Ke2 Rd2+ 64. Ke1 Ra2 65. Kd1 Rg2 0-1


[Site "https://www.chess.com"]

[Event "Titled Tuesday Blitz September 14 2021"]
[White "Vakhlamov, Igor L."]
[Black "Budrewicz, Krzysztof"]
[WhiteFideId "24126748"]
[BlackFideId "1127950"]
[WhiteElo "2416"]
[BlackElo "2242"]
[Result "1-0"]
[Round "11"]
[TimeControl "180+1"]
[Date "2021.09.15"]
[WhiteClock "0:01:57"]
[BlackClock "0:02:11"]

1. e4 g6 2. d4 Bg7 3. Nf3 d6 4. Bc4 c6 5. Bb3 d5 6. O-O Bg4 7. Nbd2 Nf6 8. e5 Ne4 9. h3 Nxd2 10. Bxd2 Bxf3 11. Qxf3 O-O 12. h4 f6 13. exf6 Bxf6 14. Bh6 Rf7 15. Qg3 Kh8 16. c4 e6 17. Rae1 Bxh4 18. Qe5+ Bf6 19. Qxe6 Na6 20. Qxf7 1-0


[Site "https://www.chess.com"]

[Event "Titled Tuesday Blitz September 14 2021"]
[White "Vasquez Schroeder, Rodrigo"]
[Black "Yoo, Christopher Woojin"]
[WhiteFideId "3400042"]
[BlackFideId "30909694"]
[WhiteElo "2568"]
[BlackElo "2105"]
[Result "1-0"]
[Round "11"]
[TimeControl "180+1"]
[Date "2021.09.15"]
[WhiteClock "0:00:33"]
[BlackClock "0:00:02"]

1. e4 c5 2. Nf3 e6 3. d4 cxd4 4. Nxd4 Nf6 5. Nc3 Qb6 6. Nb3 Bb4 7. Bd3 d6 8. Bd2 O-O 9. O-O Bxc3 10. Bxc3 e5 11. Kh1 Be6 12. f4 Nbd7 13. Qe2 Rfe8 14. fxe5 dxe5 15. Nd2 Rac8 16. Nf3 Bg4 17. Qe1 Bh5 18. b4 Bg6 19. Bb2 Qc6 20. Nd2 Nb6 21. b5 Qc7 22. a4 Nbd7 23. Nb3 Nf8 24. Qe3 b6 25. a5 Ne6 26. axb6 axb6 27. Ra6 Rb8 28. Rfa1 Nf4 29. Nd2 h5 30. h3 Rbd8 31. Nc4 Bxe4 32. Bxe5 Rxe5 33. Qxf4 Rc5 34. Qxc7 Rxc7 35. Rxb6 Bxd3 36. cxd3 Rxd3 37. Rc6 Re7 38. b6 Nd5 39. Rd6 Rd4 40. Rc1 Kh7 41. Na5 Rd2 42. b7 1-0


[Site "https://www.chess.com"]

[Event "Titled Tuesday Blitz September 14 2021"]
[White "Wagner, Dennis"]
[Black "Kovalev, Vladislav"]
[WhiteFideId "24650684"]
[BlackFideId "13504398"]
[WhiteElo "2355"]
[BlackElo "2573"]
[Result "0-1"]
[Round "11"]
[TimeControl "180+1"]
[Date "2021.09.15"]
[WhiteClock "0:00:03"]
[BlackClock "0:00:06"]

1. d4 Nf6 2. Nf3 g6 3. Bf4 Bg7 4. e3 O-O 5. Be2 d6 6. h3 b6 7. a4 a6 8. O-O Bb7 9. Nbd2 Nbd7 10. c3 Re8 11. Bh2 c5 12. Bd3 e5 13. dxe5 Nxe5 14. Nxe5 dxe5 15. Nc4 Qc7 16. Qe2 b5 17. axb5 axb5 18. Rxa8 Bxa8 19. Na3 c4 20. Bc2 Qc6 21. f3 e4 22. f4 Nd7 23. f5 Nc5 24. f6 Bf8 25. Qg4 Nd3 26. Rf5 Qb6 27. Qg3 Bc5 28. Rxc5 Qxc5 29. h4 Qf5 30. Bxd3 exd3 31. Nb1 Qxf6 32. Nd2 Qe6 33. Kf2 Qf5+ 34. Nf3 d2 35. Ke2 Bxf3+ 36. gxf3 Rd8 0-1